 Dungeon Crawl Stone Soup version 0.31-a0-161-gb58dd9be76 (webtiles) character file.

Game seed: 14628241161666581854

477 kae the Changer (level 6, -2/47 HPs)
             Began as a Draconian Transmuter on June 12, 2023.
             Slain by an ogre
             ... wielding a +0 giant club
              (29 damage)
             ... on level 5 of the Dungeon.
             The game lasted 00:05:27 (4304 turns).

kae the Changer (Draconian Transmuter)              Turns: 4304, Time: 00:05:28

Health: -2/47      AC:  6    Str: 13    XL:     6   Next: 85%
Magic:  11/11      EV: 12    Int: 15    God:
Gold:   199        SH:  0    Dex: 17    Spells: 2/12 levels left

rFire   . .          .
                       - Unarmed
rCold   . . .        (no shield)
rNeg    . . .        (body armour unavailable)
rPois   .            (helmet currently unavailable)
rElec   .            (no cloak)
rCorr   .            (no gloves)
SInv    .            (boots currently unavailable)
Will    .....        (no amulet)
Stlth   ++           D - +6 ring of dexterity
HPRegen 0.27/turn    (no ring)
MPRegen 0.12/turn

%: no passive effects
@: appendages
A: horns 2, talons 2, AC +6, unfitting armour, cold-blooded
a: End Transformation


You were on level 5 of the Dungeon.
You had temporarily grown beastly horns and talons.
You visited 1 branch of the dungeon, and saw 5 of its levels.

You collected 199 gold pieces.


Innate Abilities, Weirdness & Mutations

You have temporarily grown beastly horns and talons.
Your plain brown scales are hard. (AC +6)
You cannot fit into any form of body armour.
You are cold-blooded and may be slowed by cold attacks.


   Skills:
 - Level 1.1 Fighting
 - Level 1.7 Dodging
 - Level 3.0 Unarmed Combat
 + Level 3.5 Spellcasting
 * Level 5.0 Transmutations
 * Level 3.4 Ice Magic
 - Level 2.0 Poison Magic


You had 2 spell levels left.
You knew the following spells:

 Your Spells              Type           Power      Damage    Failure   Level
a - Beastly Appendage     Tmut           34%        N/A       2%          1
b - Wereblood             Tmut           17%        N/A       3%          2
c - Spider Form           Tmut/Pois      13%        N/A       14%         3
d - Ice Form              Ice/Tmut       15%        N/A       32%         4

Your spell library contained the following spells:

 Spells                   Type           Power      Damage    Failure   Level
 Passwall                 Tmut/Erth      8%         N/A       11%         2
 Sandblast                Erth           4%         2d4       19%         1
 Stone Arrow              Conj/Erth      4%         3d7       50%         3

Inventory:

Missiles
 b - 33 stones
 f - 12 poisoned darts
 i - 3 datura-tipped darts
 j - 5 boomerangs
Magical Staves
 d - a staff of cold {!a}
   (You found it on level 1 of the Dungeon)
 m - a staff of fire {!a}
   (You found it on level 4 of the Dungeon)
Jewellery
 D - a +6 ring of dexterity (left hand)
   (You found it on level 3 of the Dungeon)
Wands
 g - a wand of roots (6)
   (You found it on level 2 of the Dungeon)
Scrolls
 l - a scroll of enchant weapon
Potions
 a - a potion of lignification {!q}
 c - a potion of ambrosia
 e - a potion of berserk rage {!q}
 h - 2 potions of cancellation

Dungeon Overview and Level Annotations

Branches:
Dungeon (5/15) Zot: 25706
 Temple: D:4-7

Altars:
Ashenzari
Gozag
Xom
Zin

.# ###.# .# #.# ## #.#
#.# # #.# ## ####.# .##
##.##.# .##
..####...#.########....#
..+....†........@O......
..####...#.########....#
.## ##.##.## .## ##
#)....# #### #.....#
...# #.....# ##.#
#.....# #.# #.....# ##.#
###.###


You could see an ogre.


Message History

You kill the orc!
The orc barely misses you.
You hit the orc.
The orc is poisoned.
The orc completely misses you.
You hit the orc.
The orc looks as sick as possible!
Your transformation is almost over.
You kill the orc!
No target in view!
Your transformation has ended. 😎 MP[+2]
You regained 2 mp, and now have 8/11 mp.
No target in view!
No target in view!
You see here a +0 flail.
You pick up a book of Geomancy and begin reading...
You add the spells Sandblast, Passwall and Stone Arrow to your library. 😎 MP[+3]
Your mp is fully restored (11).
An iguana comes into view.
The iguana hisses angrily.
An iguana is nearby!
An iguana is nearby!
Casting: Spider Form (dangerous; 14% risk of failure)
Confirm with . or Enter, or press ? or * to list all spells.
You miscast Spider Form.
You are very lightly contaminated with residual magic.
Nothing appears to happen. 😎 MP[-3]
You lost 3 mp, and now have 8/11 mp.
Casting: Spider Form (dangerous; 14% risk of failure)
Confirm with . or Enter, or press ? or * to list all spells.
You turn into a venomous arachnid creature.
The iguana misses you. The iguana closely misses you. 😎 MP[-3]
You lost 3 mp, and now have 5/11 mp.
You hit the iguana.
The iguana is poisoned.
The iguana misses you.
You hit the iguana but do no damage.
The iguana looks as sick as possible!
The iguana completely misses you.
An iguana is nearby!
You hit the iguana. The iguana bites you!
You barely miss the iguana. The iguana bites you! 😮 HP[-18]
You take 18 damage, and now have 29/47 hp.
MASSIVE DAMAGE!! (PAUSE)
You are too injured to fight recklessly!
You are too injured to fight recklessly!
An iguana is nearby!
You are too injured to fight recklessly!
You are too injured to fight recklessly!
An iguana is nearby!
Unknown command.
You hit the iguana.
You kill the iguana!
Unknown command.
Your transformation is almost over.
Your magical contamination has completely faded away. 😮 HP[+1] MP[+1]
Your transformation has ended. 😮 HP[+2] MP[+1]
You regained 2 hp, and now have 32/47 hp.
Key pressed, stopping explore.
Unknown command. 😕 HP[+8] MP[+3]
You regained 8 hp, and now have 40/47 hp.
You regained 3 mp, and now have 10/11 mp.
An adder comes into view. 😎 HP[+7] MP[+1]
Your hp is fully restored (47).
Your mp is fully restored (11).
An adder is nearby!
Casting: Spider Form (dangerous; 14% risk of failure)
Confirm with . or Enter, or press ? or * to list all spells.
You grow a pair of large bovine horns.
Your feet morph into talons. 😎 MP[-1]
You lost 1 mp, and now have 10/11 mp.
The adder hisses angrily.
An ogre comes into view. It is wielding a +0 giant club.
The adder closely misses you.
The ogre shouts!
You hit the adder but do no damage. You claw the adder.
The adder closely misses you.
You hit the adder.
You kill the adder!
Your Transmutations skill increases to level 5!
Unknown command.
An ogre is nearby!
You hit the ogre but do no damage. You claw the ogre. You tail-slap the ogre.
The ogre closely misses you.
You hit the ogre. You claw the ogre.
The ogre hits you with a +0 giant club!! 😮 HP[-20]
You take 20 damage, and now have 27/47 hp.
MASSIVE DAMAGE!! (PAUSE)
You hit the ogre.
You punch the ogre, but do no damage. 😮 MP[+1]
Your mp is fully restored (11).
Unknown command.
You hit the ogre but do no damage. You claw the ogre. You tail-slap the ogre.
The ogre hits you with a +0 giant club!!
Ouch! That really hurt!
You die...

Skill      XL: |  1  2  3  4  5  6 |
---------------+-------------------+-----
Transmutations | 3 4 5 |  5.0
Poison Magic   | 1 2 |  2.0
Ice Magic      | 1 2 3 |  3.4
Spellcasting   | 3 |  3.5
Fighting       | |  1.1
Dodging        | |  1.7
Unarmed Combat | |  3.0

Action                     |  1- 3 |  4- 6 || total
---------------------------+-------+-------++-------
  Melee: Unarmed           |   109 |   164 ||   273
         Headbutt          |    14 |     8 ||    22
         Tailslap          |    12 |     3 ||    15
         Kick              |    18 |    11 ||    29
         Punch             |       |     3 ||     3
   Cast: Beastly Appendage |    32 |    12 ||    44
         Spider Form       |       |    18 ||    18
         Wereblood         |       |     4 ||     4
         Ice Form          |       |     1 ||     1
    Use: Scroll            |     3 |     5 ||     8
   Stab: Sleeping          |       |     1 ||     1
 Armour: Skin              |    35 |    23 ||    58
  Dodge: Dodged            |    92 |   139 ||   231

Levels and vault maps discovered:
D:1:      minmay_arrival_semitransparent, layout_loops_ring,
          corexii_leaking_fountain, chequers_serial_rivers_micro_a,
          minmay_misc_feat_tiny
D:2:      layout_rooms, shapermc_ecumenical_altar_mp_vishouse
D:3:      layout_basic, mainiacjoe_overflow_small_starburst,
          grunt_gozag_breadcrumbs, xom_teletrap_fun, minmay_crystal_water
D:4:      layout_layer_cave, nicolae_ashenzari_skybound
D:5:      layout_loops_corners, minmay_temple_entry_proselytizer,
          kennysheep_generic_room_8

Notes
Turn   | Place    | Note
-------+----------+-------------------------------------------
     0 | D:1      | kae the Draconian Transmuter began the quest for the Orb.
     0 | D:1      | Reached XP level 1. HP: 16/16 MP: 3/3
     0 | D:1      | magus.rc [v1.11.3]
    53 | D:1      | HP: 4/16 [constriction (1)]
   201 | D:1      | Reached XP level 2. HP: 19/23 MP: 3/5
   209 | D:1      | Learned a level 2 spell: Wereblood
   350 | D:1      | Reached skill level 3 in Transmutations
   589 | D:1      | Reached XP level 3. HP: 28/28 MP: 4/6
   593 | D:1      | Learned a level 3 spell: Spider Form
  1180 | D:2      | Found a faded altar of an unknown god.
  1296 | D:3      | Reached skill level 1 in Poison Magic
  1296 | D:3      | Reached XP level 4. HP: 35/35 MP: 5/7
  1332 | D:3      | Found an opulent altar of Gozag.
  1406 | D:3      | Reached skill level 1 in Ice Magic
  1456 | D:3      | Found a shimmering altar of Xom.
  1872 | D:3      | HP: 5/35 [orc priest/nerve-wracking pain (13)]
  1874 | D:3      | Reached XP level 5. HP: 9/40 MP: 4/9
  2180 | D:3      | Found a glowing silver altar of Zin.
  2294 | D:3      | Reached skill level 3 in Spellcasting
  2541 | D:4      | Learned a level 4 spell: Ice Form
  2801 | D:4      | Reached skill level 2 in Poison Magic
  2969 | D:4      | Reached skill level 2 in Ice Magic
  2978 | D:4      | Reached skill level 4 in Transmutations
  3650 | D:4      | Found a broken altar of Ashenzari.
  3898 | D:5      | Entered Level 5 of the Dungeon
  3969 | D:5      | Noticed an ice beast
  4008 | D:5      | Killed an ice beast
  4009 | D:5      | Reached XP level 6. HP: 47/47 MP: 4/10
  4073 | D:5      | Reached skill level 3 in Ice Magic
  4207 | D:5      | You pick up a book of Geomancy and begin reading...
  4207 | D:5      | You add the spells Sandblast, Passwall and Stone Arrow to
                  | your library.
  4301 | D:5      | Reached skill level 5 in Transmutations
  4304 | D:5      | Slain by an ogre

Vanquished Creatures
  An ice beast (D:5)
  A scorpion (D:5)
  A hound (D:5)
  2 orc priests (D:3)
  2 iguanas (D:5)
  7 adders
  2 dart slugs
  16 orcs
  8 endoplasms
  3 giant cockroaches
  4 goblins
  11 hobgoblins
  6 jackals
  9 kobolds
  A quokka (D:1)
  3 ball pythons
  9 bats
  8 frilled lizards
  6 rats
100 creatures vanquished.

Table legend:
 A = Non-vault XP
 B = Vault XP
 C = Vault XP percentage of total XP
 D = Non-vault monster count
 E = Vault monster count
 F = Vault count percentage of total count
                 A         B        C        D         E       F
            +---------+---------+-------+---------+---------+-------
      Total |     549 |     133 |  19.5 |      99 |       1 |   1.0
            +---------+---------+-------+---------+---------+-------
        D:1 |      45 |       0 |   0.0 |      29 |       0 |   0.0
        D:2 |      48 |       0 |   0.0 |      15 |       0 |   0.0
        D:3 |     154 |       0 |   0.0 |      29 |       0 |   0.0
        D:4 |      55 |       0 |   0.0 |      15 |       0 |   0.0
        D:5 |     247 |     133 |  35.0 |      11 |       1 |   8.3
            +---------+---------+-------+---------+---------+-------

Skill      XL: |  1  2  3  4  5  6 |
---------------+-------------------+-----
Transmutations | 3 4 5 |  5.0
Poison Magic   | 1 2 |  2.0
Ice Magic      | 1 2 3 |  3.4
Spellcasting   | 3 |  3.5
Fighting       | |  1.1
Dodging        | |  1.7
Unarmed Combat | |  3.0

Action                     |  1- 3 |  4- 6 || total
---------------------------+-------+-------++-------
  Melee: Unarmed           |   109 |   164 ||   273
         Headbutt          |    14 |     8 ||    22
         Tailslap          |    12 |     3 ||    15
         Kick              |    18 |    11 ||    29
         Punch             |       |     3 ||     3
   Cast: Beastly Appendage |    32 |    12 ||    44
         Spider Form       |       |    18 ||    18
         Wereblood         |       |     4 ||     4
         Ice Form          |       |     1 ||     1
    Use: Scroll            |     3 |     5 ||     8
   Stab: Sleeping          |       |     1 ||     1
 Armour: Skin              |    35 |    23 ||    58
  Dodge: Dodged            |    92 |   139 ||   231

Illustrated notes

Table legend:
 A = Kills in this place as a percentage of kills in the entire game.
 B = Kills by you in this place as a percentage of kills by you in the entire game.
 C = Kills by friends in this place as a percentage of kills by friends in the entire game.
 D = Other kills in this place as a percentage of other kills in the entire game.
 E = Experience gained in this place as a percentage of experience gained in the entire game.
 F = Experience gained in this place divided by the number of levels of this place that you have seen.
                   A       B       C       D       E      F
               +-------+-------+-------+-------+-------+----------------------
         Total | 100.0 | 100.0 |   N/A |   N/A | 100.0 | 136.4
       Dungeon | 100.0 | 100.0 |   N/A |   N/A | 100.0 | 136.4
               +-------+-------+-------+-------+-------+----------------------

Table legend: (Time is in decaauts)
 A = Elapsed time spent in this place.
 B = Non-inter-level travel time spent in this place.
 C = Inter-level travel time spent in this place.
 D = Time resting spent in this place.
 E = Time spent auto-exploring this place.
 F = Levels seen in this place.
 G = Mean time per level.
                   A        B        C        D        E       F      G
               +--------+--------+--------+--------+--------+-----+--------+
         Total |   4292 |   4224 |     68 |    110 |   3385 |   5 |  858.4 |
       Dungeon |   4292 |   4224 |     68 |    110 |   3385 |   5 |  858.4 |
               +--------+--------+--------+--------+--------+-----+--------+

Top non-repeatable levels by time:
     D:4: 1385 daAuts
     D:3: 1046 daAuts
     D:1: 801 daAuts
     D:2: 656 daAuts
     D:5: 403 daAuts
